 Seeded DCSS version 0.28-a0-1286-g6bde065e89 (webtiles) character file.

Game seed: 20211227 (custom seed)

15260 a11behringer the Bludgeoner (level 11, -8/163 HPs)
             Began as a Troll Berserker on Dec 27, 2021.
             Was a High Priest of Trog.
             Mangled by a slime creature (14 damage)
             ... on level 12 of the Dungeon.
             The game lasted 00:31:26 (10421 turns).

a11behringer the Bludgeoner (Troll Berserker)      Turns: 10421, Time: 00:31:27

Health: -8/163     AC: 10    Str: 31    XL:     11   Next: 99%
Magic:  10/10      EV: 11    Int:  3    God:    Trog [*****.]
Gold:   937        SH:  0    Dex: 13    Spells: 10/10 levels left

rFire   . . .      SeeInvis .   v - +10 mace of the World {speed, rN++ Dex+4 Stlth+}
rCold   . . .      Faith    .   (no shield)
rNeg    + + .      Spirit   .   R - +0 acid dragon scales
rPois   +          Reflect  .   (helmet restricted)
rElec   .          Harm     .   u - +1 cloak
rCorr   +          Rampage  .   (gloves unavailable)
Will    +++..                   (boots unavailable)
Stlth   ..........              (no amulet)
HPRegen 2.17/turn               C - ring of poison resistance
MPRegen 0.12/turn               H - ring of willpower

@: berserking, strong-willed, regenerating, studying Maces & Flails, very quick
A: large, unfitting armour, claws 3, regeneration 1, shaggy fur 1, tough skin 1
a: Renounce Religion, Berserk, Trog's Hand, Brothers in Arms


You were on level 12 of the Dungeon.
You worshipped Trog.
Trog was extremely pleased with you.
You visited 1 branch of the dungeon, and saw 12 of its levels.
You also visited: Ossuary and Bailey.

You collected 1002 gold pieces.
You spent 65 gold pieces at shops.

Inventory:

Hand Weapons
 a - a +0 mace
 k - a +0 giant spiked club
 r - the +5 mace of Gozag's Envy {vorpal, Fly rPois rC- Str+5}
   (You found it on level 4 of the Dungeon)

   It inflicts extra damage upon your enemies.
   Str:       It affects your strength (+5).
   rC:        It makes you vulnerable to cold.
   rPois:     It protects you from poison.
   Fly:       It grants you flight.
 s - the +6 mace of Discretion {protect, rPois}
   (You found it on level 4 of the Dungeon)

   It grants its wielder temporary protection when it strikes (+7 to AC).
   rPois:     It protects you from poison.
 t - a +3 mace
 v - the +10 mace of the World (weapon) {speed, rN++ Dex+4 Stlth+}
   (You found it on level 4 of the Dungeon)

   Attacks with this weapon are significantly faster.
   Dex:       It affects your dexterity (+4).
   rN:        It greatly protects you from negative energy.
   Stlth:     It makes you more stealthy.
 I - a +4 morningstar
Missiles
 f - 403 stones (quivered)
 o - 6 large rocks
 y - 17 poisoned darts
 z - a curare-tipped dart
 G - 2 throwing nets
Armour
 b - a +0 animal skin
 u - a +1 cloak (worn)
 R - +0 acid dragon scales (worn)
Jewellery
 C - a ring of poison resistance (left claw)
 H - a ring of willpower (right claw)
 M - an amulet of the acrobat
Wands
 p - a wand of acid (11)
 E - a wand of paralysis (8)
Scrolls
 c - a scroll of vulnerability {unknown}
 d - a scroll of immolation
 g - a scroll of silence
 h - 2 scrolls of fog
 j - a scroll of enchant armour
 n - 9 scrolls of teleportation
 w - 6 scrolls of enchant weapon
 D - 3 scrolls of blinking
 F - a scroll of fear
 K - 5 scrolls of magic mapping
 L - a scroll of amnesia {unknown}
 O - a scroll of torment {unknown}
 P - a scroll of holy word {unknown}
Potions
 e - 6 potions of curing
 i - 2 potions of ambrosia {unknown}
 l - 3 potions of attraction
 m - 3 potions of mutation
 q - 5 potions of might
 x - a potion of lignification {unknown}
 A - 2 potions of flight
 B - 3 potions of haste
 J - a potion of degeneration
 N - a potion of cancellation {unknown}
 S - 2 potions of brilliance {unknown}
Miscellaneous
 Q - a tin of tremorstones (2/2)


   Skills:
 + Level 7.6 Fighting
 * Level 15.9 Maces & Flails
 + Level 0.3 Armour
 + Level 6.4 Dodging


You had 10 spell levels left.
You didn't know any spells.
Your spell library was empty.

Dungeon Overview and Level Annotations

Branches:
Dungeon (12/15)            Temple (0/1) D:5            Lair (0/6) D:11
    Orc (0/2) D:10        Ossuary (visited)          Bailey (visited)

Altars:
Ashenzari
Elyvilon
Fedhas
Gozag
Qazlal
Sif Muna
Trog
Wu Jian
Yredelemnul
Zin
Beogh

Shops:
D:4 !

Annotations:
D:6 2 transporters
D:10 5 runed translucent doors


Innate Abilities, Weirdness & Mutations

You are too large for most types of armour.
You have claws for hands.
Your natural rate of healing is unusually fast.
You are covered in fur. (AC +1)
You have tough skin. (AC +1)


Message History

* * * LOW HITPOINT WARNING * * *
The slime creature hits you.
* * * LOW HITPOINT WARNING * * *
The slime creature hits you but does no damage.
The large slime creature barely misses you.
A red film seems to cover your vision as you go berserk!
You feel yourself moving faster!
You feel mighty! The slime creature hits you.
* * * LOW HITPOINT WARNING * * *
The slime creature hits you.
* * * LOW HITPOINT WARNING * * *
The slime creature hits you!
* * * LOW HITPOINT WARNING * * *
The large slime creature hits you but does no damage.
You bludgeon the large slime creature!!
The large slime creature is moderately wounded.
The slime creature hits you but does no damage.
You sock the large slime creature!
The large slime creature is heavily wounded.
You sock the large slime creature!
The large slime creature is heavily wounded.
The slime creature hits you!
* * * LOW HITPOINT WARNING * * *
You sock the large slime creature!
The large slime creature is severely wounded.
The slime creature barely misses you.
The large slime creature barely misses you.
You sock the large slime creature!
The large slime creature is severely wounded.
The slime creature barely misses you.
You bludgeon the large slime creature!!
The large slime creature is almost dead.
The slime creature hits you!
* * * LOW HITPOINT WARNING * * *
You bludgeon the large slime creature!!
You kill the large slime creature!
Trog accepts your kill.
You sock the slime creature!
The slime creature is moderately wounded.
The slime creature hits you!
You die...

#########+###
#...........#
#...........#
#...........#
#...J@......#
#....JJ.....#
#...<.......+
#...........#
#...........#
#...........#
##'##########
#..####
##....#


You could see 3 slime creatures.

Vanquished Creatures
  A death knight (D:11)
  2 two-headed ogres (D:11)
  A phantasmal warrior (D:11)
  Pikel (D:4)
  An orc knight (Bailey)
  A deep elf pyromancer (D:10)
  A manticore (D:11)
  2 freezing wraiths (D:11)
  3 kobold demonologists (D:9)
  A komodo dragon (D:7)
  2 trolls
  2 slime creatures (D:12)
  Sigmund (D:2)
  A shadow (D:10)
  2 wyverns
  9 yaks
  2 wraiths
  3 wargs (D:11)
  3 acid dragons
  10 orc warriors
  2 ice beasts
  A black bear (D:5)
  2 ogres (D:9)
  A necrophage (D:5)
  2 centaurs
  A phantom (D:5)
  Blork the orc (D:5)
  An elf zombie (D:7)
  A kobold brigand (D:9)
  2 gnoll sergeants
  2 scorpions
  3 elf skeletons (D:7)
  A wyvern skeleton (D:7)
  A water moccasin skeleton (D:6)
  3 killer bees (D:8)
  14 wights
  7 howler monkeys
  4 centaur zombies
  5 hounds
  A bullfrog zombie (D:6)
  2 jellies
  9 orc priests
  Crazy Yiuf (D:4)
  A gnoll shaman (D:5)
  A human skeleton (D:7)
  Ijyb (D:5)
  2 iguanas
  13 orc wizards
  Natasha (D:2)
  A killer bee zombie (D:7)
  2 hound zombies (D:5)
  8 mummies (Ossuary)
  Robin (D:4)
  A howler monkey zombie (D:7)
  15 gnolls
  A howler monkey skeleton (D:7)
  4 adders
  2 shadow imps (D:7)
  2 white imps
  An ufetubus (D:6)
  An adder skeleton (D:4)
  2 worms
  2 dart slugs
  58 orcs
  4 ball pythons
  5 endoplasms
  A giant cockroach (D:2)
  19 goblins
  18 hobgoblins
  4 quokkas
  5 bats
  2 frilled lizards (D:2)
  3 gnoll zombies (Ossuary)
  A goblin zombie (D:10)
  3 hobgoblin zombies (Ossuary)
  12 kobolds
  A kobold zombie (Ossuary)
  An orc skeleton (D:7)
  An orc zombie (Ossuary)
  4 rats
320 creatures vanquished.

Vanquished Creatures (others)
  An orc (D:6)
  3 fungi (D:4)
4 creatures vanquished.

Grand Total: 324 creatures vanquished

Notes
Turn   | Place    | Note
-------+----------+-------------------------------------------
     0 | D:1      | a11behringer the Troll Berserker began the quest for the
                  | Orb.
     0 | D:1      | Reached XP level 1. HP: 22/22 MP: 0/0
   109 | D:1      | Reached skill level 3 in Maces & Flails
   109 | D:1      | Reached XP level 2. HP: 29/29 MP: 1/1
   247 | D:1      | Found a faded altar of an unknown god.
   697 | D:2      | Reached XP level 3. HP: 30/36 MP: 2/2
   816 | D:2      | Noticed Sigmund
   824 | D:2      | Killed Sigmund
   824 | D:2      | Reached ** piety under Trog
   825 | D:2      | Reached skill level 4 in Maces & Flails
   825 | D:2      | Reached XP level 4. HP: 45/45 MP: 3/3
   825 | D:2      | Reached XP level 5. HP: 53/53 MP: 4/4
   887 | D:2      | Noticed Natasha
   896 | D:2      | Killed Natasha
   897 | D:2      | Reached skill level 5 in Maces & Flails
  1708 | D:4      | Found Myabubb's Distillery.
  1710 | D:4      | Noticed Robin
  1725 | D:4      | Killed Robin
  1726 | D:4      | Reached XP level 6. HP: 61/61 MP: 5/5
  1735 | D:4      | Noticed a wyvern
  1788 | D:4      | Killed a wyvern
  1859 | D:4      | Identified the +5 mace of Gozag's Envy {vorpal, Fly rPois
                  | rC- Str+5}
  1871 | D:4      | Identified the +6 mace of Discretion {protect, rPois}
  1873 | D:4      | Found a runed translucent door.
  1874 | D:4      | Noticed Crazy Yiuf
  1881 | D:4      | Killed Crazy Yiuf
  1884 | D:4      | Identified the +10 mace of the World {speed, rN++ Dex+4
                  | Stlth+}
  1928 | D:4      | Reached skill level 6 in Maces & Flails
  1928 | D:4      | Reached XP level 7. HP: 67/67 MP: 6/6
  2043 | D:4      | Bought a potion of heal wounds for 65 gold pieces
  2054 | D:4      | Reached *** piety under Trog
  2094 | D:4      | Noticed Pikel
  2101 | D:4      | Killed Pikel
  2102 | D:4      | Reached skill level 7 in Maces & Flails
  2102 | D:4      | Reached XP level 8. HP: 78/78 MP: 7/7
  2354 | D:5      | Entered Level 5 of the Dungeon
  2534 | D:5      | Found a staircase to the Ecumenical Temple.
  2538 | D:5      | Reached skill level 8 in Maces & Flails
  2944 | D:5      | Noticed Ijyb
  2949 | D:5      | Killed Ijyb
  2955 | D:5      | Reached skill level 9 in Maces & Flails
  3058 | D:5      | Noticed Blork the orc
  3065 | D:5      | Killed Blork the orc
  3316 | D:6      | Reached XP level 9. HP: 78/85 MP: 8/8
  3480 | D:6      | Found a transporter.
  3522 | D:6      | Reached skill level 10 in Maces & Flails
  3526 | D:6      | Reached skill level 5 in Fighting
  3595 | D:6      | Found a transporter.
  3778 | D:6      | Reached **** piety under Trog
  3854 | D:6      | Found an ornate altar of the Wu Jian Council.
  4379 | D:7      | Noticed a komodo dragon
  4394 | D:7      | Killed a komodo dragon
  4395 | D:7      | Reached skill level 11 in Maces & Flails
  4414 | D:7      | Identified the +0 buckler of the Robin {Rampage *Slow Str+2
                  | Int+2 Slay+3}
  4684 | D:7      | Found a sand-covered staircase.
  4698 | Ossuary  | Entered an ossuary
  4712 | Ossuary  | Reached XP level 10. HP: 96/96 MP: 9/9
  5106 | D:7      | Found a shimmering blue altar of Sif Muna.
  5519 | D:8      | Reached skill level 12 in Maces & Flails
  5522 | D:8      | Found a bloodstained altar of Trog.
  5700 | D:8      | Reached skill level 5 in Dodging
  5862 | D:8      | Found a broken altar of Ashenzari.
  6246 | D:8      | Found a glowing silver altar of Zin.
  6317 | D:9      | Found a stormy altar of Qazlal.
  6374 | D:9      | Found a blossoming altar of Fedhas.
  6591 | D:9      | Reached ***** piety under Trog
  6736 | D:9      | Found a white marble altar of Elyvilon.
  6978 | D:9      | Found an opulent altar of Gozag.
  7017 | D:9      | Reached skill level 13 in Maces & Flails
  7201 | D:10     | Entered Level 10 of the Dungeon
  7222 | D:10     | Found a huge runed translucent gate.
  7222 | D:10     | Found a huge runed translucent gate.
  7222 | D:10     | Found a huge runed translucent gate.
  7223 | D:10     | Found a huge runed translucent gate.
  7223 | D:10     | Noticed a manticore
  7224 | D:10     | Noticed a manticore
  7538 | D:10     | Found a staircase to the Orcish Mines.
  7641 | D:10     | Reached XP level 11. HP: 85/107 MP: 10/10
  7642 | D:10     | Found a runed translucent door.
  7643 | D:10     | Found a basalt altar of Yredelemnul.
  7668 | D:10     | Found a flagged portal.
  7685 | Bailey   | Entered a bailey
  7996 | Bailey   | Noticed an orc knight
  8006 | Bailey   | Killed an orc knight
  8424 | D:10     | Noticed a deep elf pyromancer
  8434 | D:10     | Killed a deep elf pyromancer
  8499 | D:10     | Identified a scroll of acquirement
  8499 | D:10     | Acquired a manual of Maces & Flails
  9388 | D:11     | Reached skill level 14 in Maces & Flails
  9508 | D:11     | Noticed a phantasmal warrior
  9510 | D:11     | Noticed a death knight
  9518 | D:11     | Killed a phantasmal warrior
  9643 | D:11     | Killed a death knight
  9644 | D:11     | Reached skill level 15 in Maces & Flails
  9720 | D:11     | Found a staircase to the Lair.
  9751 | D:11     | Found an opulent altar of Gozag.
  9807 | D:11     | Noticed a two-headed ogre
  9858 | D:11     | Killed a two-headed ogre
 10163 | D:11     | Identified the +4 ring mail "Nairadu" {Drain rF+++ Int+4
                  | Dex-3}
 10284 | D:11     | Noticed a two-headed ogre
 10291 | D:11     | Killed a two-headed ogre
 10419 | D:12     | HP: 5/163 [slime creature (8)]
 10421 | D:12     | Mangled by a slime creature

Illustrated notes

Levels and vault maps discovered:
D:1:      minmay_arrival_pointy, layout_rooms,
          dreamdust_ecumenical_altar_statues, bh_walls_and_bars
D:2:      minmay_angry_zag, layout_rooms,
          nicolae_concentric_dashed_squares_wild, uniq_natasha, uniq_sigmund
D:3:      layout_loops_ring
D:4:      layout_cave_pools, serial_shops, shop, uniq_pikel, uniq_robin,
          uniq_crazy_yiuf_cottage
D:5:      layout_basic, minmay_temple_entry_junction, uniq_blork_the_orc,
          uniq_ijyb
D:6:      gammafunk_steamed_eel, layout_basic, lemuel_doored_altar,
          minmay_holes, lemuel_old_faithful
D:7:      layout_rooms, tgw_sif, nicolae_ossuary_entry_catacombs,
          serial_corexii_hall, chequers_hall_statues_y, corexii_hall_statues_x
D:8:      layout_loops_cross, mainiacjoe_overflow_concentric_impassable,
          mainiacjoe_overflow_alcove_1, zin_statuary
D:9:      layout_long_grid, grunt_temple_overflow_forces_of_nature,
          nicolae_overflow_hidden_temple, special_room [special_room_orc]
D:10:     lemuel_bear_cage, layout_grid_maze, dk_yredelemnul_ordeal,
          orc_0_dummy, enter_bailey_4, lightli_fourway_metalbox
D:11:     layout_basic, erik_lair_orcish_takeover, grunt_gozag_breadcrumbs
D:12:     layout_roguey, serial_shops, nicolae_shop_statue_plus

Skill      XL: |  1  2  3  4  5  6  7  8  9 10 11 |
---------------+----------------------------------+-----
Maces & Flails | 3 4 5 6 7 9 11 13 15 | 15.9
Fighting       | 3 4 5 6 7 |  7.6
Dodging        | 3 4 5 6 |  6.4
Armour         | |  0.3

Action                   |  1- 3 |  4- 6 |  7- 9 | 10-12 || total
-------------------------+-------+-------+-------+-------++-------
Melee: Mace              |   100 |   118 |   267 |   451 ||   936
Throw: Stone             |       |       |       |     6 ||     6
Invok: Berserk           |     1 |     3 |     3 |     9 ||    16
       Trog's Hand       |       |     2 |     1 |    12 ||    15
  Use: Scroll            |       |       |     5 |    12 ||    17
       Potion            |       |       |       |     3 ||     3
 Stab: Sleeping          |     1 |     2 |     7 |     6 ||    16
Armor: Animal skin       |    56 |    66 |    49 |    71 ||   242
       Acid dragon scale |       |       |       |    13 ||    13
Dodge: Dodged            |    68 |   108 |   100 |   194 ||   470

Table legend: (Time is in decaauts)
 A = Elapsed time spent in this place.
 B = Non-inter-level travel time spent in this place.
 C = Inter-level travel time spent in this place.
 D = Time resting spent in this place.
 E = Time spent auto-exploring this place.
 F = Levels seen in this place.
 G = Mean time per level.
                   A        B        C        D        E       F      G
               +--------+--------+--------+--------+--------+-----+--------+
         Total |  10282 |   9379 |    903 |      0 |   7659 |  14 |  734.4 |
       Dungeon |   9670 |   8767 |    903 |      0 |   7252 |  12 |  805.8 |
       Ossuary |    188 |    188 |      0 |      0 |     97 |   1 |  188.0 |
        Bailey |    424 |    424 |      0 |      0 |    310 |   1 |  424.0 |
               +--------+--------+--------+--------+--------+-----+--------+

Top non-repeatable levels by time:
    D:10: 1602 daAuts
     D:6: 1143 daAuts
    D:11: 1108 daAuts
     D:7: 863 daAuts
     D:9: 832 daAuts
     D:5: 831 daAuts
     D:8: 820 daAuts
     D:1: 669 daAuts
     D:4: 625 daAuts
     D:3: 614 daAuts
     D:2: 518 daAuts
  Bailey: 424 daAuts
 Ossuary: 188 daAuts
    D:12: 40 daAuts
